 Dungeon Crawl Stone Soup version 0.24.0-37-gcf1ca852f1 (webtiles) character file.

Game seed: 14361762102718943998, levelgen mode: deterministic

143 Gruesph the Chopper (level 5, -7/41 HPs)
             Began as a Formicid Abyssal Knight on Nov 22, 2019.
             Was a Believer of Lugonu.
             Mangled by Ijyb
             ... wielding a +5 dagger of electrocution
              (17 damage)
             ... on level 3 of the Dungeon.
             The game lasted 00:13:30 (2665 turns).

Gruesph the Chopper (Formicid Abyssal Knight)       Turns: 2665, Time: 00:13:31

Health: -7/41      AC:  8    Str: 17    XL:     5   Next: 50%
Magic:  8/8        EV:  7    Int: 12    God:    Lugonu [**....]
Gold:   127        SH:  0    Dex: 10    Spells: 4/4 levels left

rFire    . . .     SeeInvis +   a - +1 hand axe
rCold    . . .     Gourm    .   (no shield)
rNeg     . . .     Faith    .   l - +0 chain mail
rPois    .         Spirit   .   (helmet unavailable)
rElec    .         Reflect  .   (no cloak)
rCorr    .         Harm     .   (no gloves)
MR       .....                  (no boots)
Stlth    ..........             (no amulet)
HPRegen  0.13/turn              (no ring)
MPRegen  0.11/turn              (no ring)

@: confused
A: permanent stasis, dig shafts and tunnels, four strong arms, antennae 3
a: Dig, Shaft Self, Depart the Abyss, Bend Space, Renounce Religion


You were on level 3 of the Dungeon.
You worshipped Lugonu.
Lugonu was pleased with you.
You were not hungry.

You visited 1 branch of the dungeon, and saw 3 of its levels.
You visited the Abyss 1 time.

You collected 127 gold pieces.

Inventory:

Hand Weapons
 a - a +1 hand axe (weapon)
Missiles
 g - 4 poisoned darts (quivered)
Armour
 l - a +0 chain mail (worn)
Jewellery
 i - a +3 ring of evasion {unknown}
 j - an uncursed amulet of magic regeneration {unknown}
 o - a +4 ring of protection {unknown}
Scrolls
 b - 4 scrolls of identify {unknown}
 d - 5 scrolls of remove curse {unknown}
 n - 2 scrolls of magic mapping {unknown}
 p - a scroll of fear {unknown}
Potions
 e - a potion of resistance {unknown}
 h - a potion of flight {unknown}
 k - a potion of haste {unknown}
 m - a potion of berserk rage {unknown}
Comestibles
 f - 4 rations
 q - a chunk of flesh


   Skills:
 - Level 3.2 Fighting
 * Level 4.4 Axes
 - Level 2.1 Armour
 - Level 0.8 Dodging
 + Level 4.0 Invocations


You had 4 spell levels left.
You didn't know any spells.
Your spell library was empty.

Dungeon Overview and Level Annotations

Branches:
Dungeon (3/15)

Altars:
Fedhas

Annotations:
D:3 Ijyb


Innate Abilities, Weirdness & Mutations

You cannot be hasted, slowed, berserked, paralysed or teleported.
You can dig through walls and to a lower floor.
Your four strong arms can wield two-handed weapons with a shield.
You have a pair of large antennae on your head. (SInv)


Message History

* * * LOW HITPOINT WARNING * * *
You hit Ijyb.
Ijyb is almost dead.
Ijyb hits you but does no damage.
You miss Ijyb.
Ijyb is almost dead.
Ijyb zaps a wand.
Your will is overpowered!
You are confused.
Okay, then.
You closely miss Ijyb.
Ijyb is almost dead.
Ijyb zaps a wand.
Your will is overpowered!
You are more confused.
You closely miss Ijyb.
Ijyb is almost dead.
Ijyb zaps a wand.
Your will is overpowered!
You are more confused.
The now-empty wand crumbles to dust.
Ijyb hits you but does no damage.
You are electrocuted!
You die...

#......÷.....
#####.####### #.....#
######.###########
........†.......... . #
#######.#.#.####...
...#.#######.#.#.# #...
.........##..#.#.#######
.......@g.((............
###..?..(##(.(..(#.#####
#......#####.###.#
#.####....)....# # #
########### # # # ## #


You could see Ijyb.

Vanquished Creatures
  Jessica (D:2)
  4 adders
  An ooze (D:2)
  A worm (D:2)
  2 dart slugs
  4 leopard geckos
  An orc (D:3)
  9 bats
  3 giant cockroaches
  7 goblins
  6 hobgoblins
  2 jackals (D:3)
  4 quokkas
  A ball python (D:1)
  6 frilled lizards
  7 kobolds
  9 rats
68 creatures vanquished.

Notes
Turn   | Place    | Note
-------+----------+-------------------------------------------
     0 | Abyss:1  | Gruesph the Formicid Abyssal Knight began the quest for the
                  | Orb.
     0 | Abyss:1  | Reached XP level 1. HP: 18/18 MP: 2/2
     7 | D:1      | Escaped the Abyss
   251 | D:1      | Reached XP level 2. HP: 8/24 MP: 3/3
   485 | D:1      | Reached * piety under Lugonu
   827 | D:1      | Reached XP level 3. HP: 26/29 MP: 5/5
  1529 | D:2      | Found a blossoming altar of Fedhas.
  1665 | D:2      | Noticed Jessica
  1674 | D:2      | Killed Jessica
  1674 | D:2      | Reached XP level 4. HP: 35/35 MP: 6/6
  1857 | D:2      | Reached ** piety under Lugonu
  2067 | D:2      | Reached XP level 5. HP: 41/41 MP: 7/7
  2630 | D:3      | Noticed Ijyb
  2665 | D:3      | Mangled by Ijyb

Levels and vault maps discovered:
D:1:      nzn_arrival_crosshair, layout_rooms, serial_rivers,
          chequers_serial_rivers_small_b, chequers_serial_rivers_small_3,
          chequers_serial_rivers_micro_a, chequers_serial_rivers_large_b,
          chequers_serial_rivers_room_a, minivault_11
D:2:      layout_basic, fedhas_altar_1, uniq_jessica
D:3:      layout_basic, uniq_ijyb

Skill      XL: |  1  2  3  4  5 |
---------------+----------------+-----
Axes           | 3 4 |  4.4
Invocations    | 3 4 |  4.0
Fighting       | |  3.2
Armour         | |  2.1
Dodging        | |  0.8

Action                   |  1- 3 |  4- 6 || total
-------------------------+-------+-------++-------
Melee: Hand axe          |    92 |   110 ||   202
Throw: Stone             |     2 |       ||     2
       Dart              |    47 |    56 ||   103
Invok: Depart the Abyss  |     1 |       ||     1
       Bend Space        |       |     2 ||     2
  Use: Potion            |       |     1 ||     1
  Eat: Chunk             |     1 |     5 ||     6
Armor: Leather armour    |    15 |       ||    15
       Ring mail         |    20 |       ||    20
       Chain mail        |     4 |    45 ||    49
Dodge: Dodged            |    55 |    36 ||    91
